[Event "*** MasterClass Titled Tuesday Blitz"]
[Site "Chess.com"]
[Date "2017.12.05"]
[Round "3"]
[White "Margency"]
[Black "Vamostodorecto"]
[Result "1-0"]
[WhiteElo "2509"]
[BlackElo "2329"]
[TimeControl "180+2"]
[EndTime "14:49:53 PST"]
[Termination "Margency won by resignation"]

1. e4 e5 2. Nf3 Nc6 3. Bc4 Nf6 4.
d3 Be7 5. O-O O-O 6. Re1 d6 7.
a4 Kh8 8. c3 Ng8 9. d4 exd4 10.
cxd4 f5 11. e5 d5 12. Bb3 Be6 13. Nc3 g5 14. h4 g4 15. Ng5 Bxg5 16. Bxg5 Qe8 17.
Nxd5 Qf7 18. Nf4 Bxb3 19. e6 Bxd1 20. exf7 Rxf7 21. Raxd1 h6 22. d5 hxg5 23. Ne6 Nb4 24. hxg5 Kh7 25. f4 gxf3 26. gxf3 Kg6 27. Kf2 Ne7 28. Rh1 Ng8 29. Rd4 a5 30. Rdh4 Rd7 31.
Rh6+ Nxh6 32. Rxh6+ Kf7 33. Rh7+ Ke8 34. Rh8+ Ke7 35. Rxa8 Rxd5 36. g6 Rd2+ 37. Kg3 f4+ 38. Nxf4 Kf6 39. Rf8+ Kg7 40. Rf7+ Kg8 41. Ne6 1-0

[Event "*** MasterClass Titled Tuesday Blitz"]
[Site "Chess.com"]
[Date "2017.12.05"]
[Round "3"]
[White "GrigorGrigorov"]
[Black "krzyzan94"]
[Result "0-1"]
[WhiteElo "2600"]
[BlackElo "2606"]
[TimeControl "180+2"]
[EndTime "14:49:54 PST"]
[Termination "krzyzan94 won by resignation"]

1. d4 Nf6 2. c4 g6 3. Nf3 Bg7 4. g3 O-O 5. Bg2 d6 6. O-O Nc6 7. Nc3 Bg4 8. d5 Bxf3 9. exf3 Na5 10. Qd3 c5 11. Bd2 a6 12. f4 Nd7 13. Rab1 Rb8 14. b3 Qc7 15. Rfe1 Rfe8 16. Re2 b6 17. Rbe1 Nf6 18. f5 Ng4 19. fxg6 hxg6 20. h3 Nf6 21. Bg5 Qd7 22. Re3 b5 23. cxb5 axb5 24. Qe2 Nh7 25. Bxe7 Bd4 26. Qd2 Bxe3 27. Qxe3 Rb7 28.
Qd2 Rxe7 29. Rxe7 Qxe7 30. Ne4 f5 31. Nc3 b4 32. Ne2 Nf6 33. Nf4 Qf7 34. Ne6 Re7 35.
Ng5 Qe8 36. Qd3 Re1+ 37. Bf1 c4 38. bxc4 Nb7 39. Qd4 Qe2 0-1

[Event "*** MasterClass Titled Tuesday Blitz"]
[Site "Chess.com"]
[Date "2017.12.05"]
[Round "3"]
[White "Kaphrep"]
[Black "chito89"]
[Result "0-1"]
[WhiteElo "2589"]
[BlackElo "2591"]
[TimeControl "180+2"]
[EndTime "14:49:55 PST"]
[Termination "chito89 won by resignation"]

1. Nf3 d5 2. d4 Nf6 3. Bf4 c5 4. e3 cxd4 5. exd4 Nc6 6. c3 Bg4 7.
Nbd2 e6 8. Qb3 Qc8 9. Bd3 Be7 10. O-O O-O 11. Rae1 Bh5 12. Re3 Bg6 13. Bxg6 hxg6 14.
Bg5 Qc7 15. h3 b5 16. Rfe1 Rab8 17. a3 a5 18. Ne5 Rfe8 19. Qd1 b4 20. Nxc6 Qxc6 21.
cxb4 axb4 22. a4 Rec8 23. Nf3 Bd6 24. Bxf6 gxf6 25. Nh4 Bf4 26. Nxg6 fxg6 27. Rxe6 Qxe6 28. Rxe6 Rc1 29. Qxc1 Bxc1 30. b3 Kf7 31. Rd6 Rc8 32.
Rxd5 Rc3 33. Rb5 Rxb3 34. a5 Rb1 35. Kh2 b3 36. d5 b2 37. Rb7+ Ke8 38. a6 Ra1 39. a7 Kd8 40. d6 Rxa7 41. Rb8+ Kd7 0-1

[Event "*** MasterClass Titled Tuesday Blitz"]
[Site "Chess.com"]
[Date "2017.12.05"]
[Round "3"]
[White "cheese111"]
[Black "Markov_Mikhail"]
[Result "0-1"]
[WhiteElo "2415"]
[BlackElo "2615"]
[TimeControl "180+2"]
[EndTime "14:50:08 PST"]
[Termination "Markov_Mikhail won on time"]

1. e4 c5 2. Nf3 e6 3. g3 d5 4. exd5 exd5 5. d4 Nf6 6. Bg2 Be7 7. O-O O-O 8. Re1 Nc6 9. Nc3 h6 10. dxc5 Bxc5 11. Na4 Bb4 12. c3 Bd6 13. Be3 Bd7 14. Bc5 Qc7 15. Nd4 Bxc5 16. Nxc5 Bg4 17. Qd2 Ne5 18. Qf4 Qxc5 19. Rxe5 Rad8 20. Rae1 Qb6 21.
Qd2 a6 22. Re7 Bc8 23. Nb3 Qd6 24. Qd4 Ne4 25. Bxe4 dxe4 26. Qxd6 Rxd6 27. R1xe4 Be6 28.
Re1 b6 29. Ra7 a5 30. h4 Rfd8 31. Nd4 Bxa2 32. b3 Rc8 33. Ra1 Bxb3 34. Nxb3 Rxc3 35.
Ra8+ Kh7 36. Rb1 Rc2 37. Rf1 Rd3 0-1

[Event "*** MasterClass Titled Tuesday Blitz"]
[Site "Chess.com"]
[Date "2017.12.05"]
[Round "3"]
[White "johannesh"]
[Black "Aygehovit1992"]
[Result "0-1"]
[WhiteElo "2258"]
[BlackElo "2494"]
[TimeControl "180+2"]
[EndTime "14:50:08 PST"]
[Termination "Aygehovit1992 won by resignation"]

1. d4 Nf6 2. c4 e6 3. Nf3 c5 4. d5 exd5 5. cxd5 g6 6. Nc3 Bg7 7. Bf4 O-O 8. Bd6 Re8 9. Bxc5 d6 10. Bd4 Bg4 11. e3 Bxf3 12. Qxf3 Nbd7 13. Bb5 Ne5 14. Qd1 Re7 15. O-O a6 16. Be2 b5 17. a3 h5 18. h3 Rc8 19. Rc1 Nc4 20. Rc2 Qd7 21. Qa1 Qf5 22. Rfc1 Rce8 23. Bf3 g5 24. b3 g4 25. Be2 Ne5 26. h4 Nf3+ 27. Bxf3 gxf3 28. gxf3 Qxf3 29. Re1 Qh3 30. f3 Qxf3 31.
Rf2 Qg4+ 32. Rg2 Qxd4 33. Rf1 0-1

[Event "*** MasterClass Titled Tuesday Blitz"]
[Site "Chess.com"]
[Date "2017.12.05"]
[Round "3"]
[White "Ebnou1987"]
[Black "Pakarma"]
[Result "0-1"]
[WhiteElo "1544"]
[BlackElo "2059"]
[TimeControl "180+2"]
[EndTime "14:50:08 PST"]
[Termination "Pakarma won on time"]

1. e4 c5 2. Nf3 e6 3. Bc4 a6 4.
d4 cxd4 5. c3 Qc7 6. Bb3 Nf6 7.
e5 Nd5 8. cxd4 d6 9. O-O Be7 10. Bd2 Nc6 11. Nc3 Nxc3 12. Bxc3 O-O 13. Rc1 dxe5 14.
d5 exd5 15. Bxd5 Bg4 16. Bxc6 Qxc6 17. Bxe5 Bxf3 18. Qxf3 Qxf3 19. gxf3 Rac8 20. Kh1 f6 21. Bd4 Kf7 22. Rfe1 Bd6 23. Kg2 Rfe8 24. a3 Rxe1 25. Rxe1 Rc2 26. Rd1 Ke6 27. Bc3 Bc5 28. Re1+ Kd5 29.
Rd1+ Kc6 30. Bd4 Bxd4 31. Rxd4 Rxb2 32. Rg4 g6 33. a4 a5 34. Rc4+ Kd6 35. Rd4+ Ke6 36.
Re4+ Kf7 37. Rd4 Ke6 38. Re4+ Kf5 39. Rd4 b6 40. Rd7 h5 41. Rd6 Rb4 42. Rd5+ Ke6 43. Rb5 Rxb5 44. axb5 a4 0-1

[Event "*** MasterClass Titled Tuesday Blitz"]
[Site "Chess.com"]
[Date "2017.12.05"]
[Round "3"]
[White "Rsnr"]
[Black "Korchmar_Vasiliy"]
[Result "1-0"]
[WhiteElo "2637"]
[BlackElo "2558"]
[TimeControl "180+2"]
[EndTime "14:50:12 PST"]
[Termination "Rsnr won by resignation"]

1. d4 Nf6 2. c4 e6 3. Nf3 d5 4. e3 Bd6 5. b3 b6 6. Bb2 O-O 7.
Bd3 Bb7 8. O-O Nbd7 9. Qe2 a6 10.
Nc3 Ne4 11. Rac1 f5 12. Rfd1 Qf6 13. g3 g5 14. Ne1 Rf7 15. f3 Nxc3 16. Bxc3 Qe7 17.
cxd5 exd5 18. Ng2 h5 19. f4 g4 20. Nh4 Qe6 21. h3 Be7 22. hxg4 hxg4 23. Nxf5 Rxf5 24.
Qxg4+ Kf7 25. Qxf5+ Qxf5 26. Bxf5 Nf6 27. Kf2 Ba3 28.
Rb1 Bc8 29. Bxc8 Ne4+ 30. Kf3 Nxc3 31. Bb7 Rb8 32. Rbc1 Nxd1 33. Bxd5+ Ke7 34. Rxd1 Rh8 35. Rd2 Kd6 36. Be4 Rh1 37. g4 Rh3+ 38. Kf2 Rh2+ 39. Bg2 Bb4 40. Rc2 c5 41. dxc5+ Bxc5 42. Kg3 Rh8 43. e4 Ke6 44. e5 Rd8 45. Be4 Rd4 46. Re2 Rd1 47. f5+ Kf7 48. g5 Rg1+ 49. Bg2 Bd4 50. e6+ Kf8 51. f6 1-0

[Event "*** MasterClass Titled Tuesday Blitz"]
[Site "Chess.com"]
[Date "2017.12.05"]
[Round "3"]
[White "Blitzstream"]
[Black "kanachess88"]
[Result "1-0"]
[WhiteElo "2505"]
[BlackElo "2265"]
[TimeControl "180+2"]
[EndTime "14:50:12 PST"]
[Termination "Blitzstream won on time"]

1. g4 g6 2. h4 h5 3. g5 Bg7 4.
Nf3 b6 5. d4 Bb7 6. Bf4 d6 7.
c4 Nd7 8. Nc3 e5 9. dxe5 Nxe5 10. Bg2 Nxf3+ 11. Bxf3 Bxf3 12. exf3 Ne7 13. Qd2 O-O 14.
O-O-O Re8 15. Rhe1 Nf5 16. Bg3 Qd7 17. Re4 Re6 18.
Rde1 Rae8 19. Nd5 a5 20. Rxe6 Rxe6 21. Rxe6 fxe6 22. Ne3 Qc6 23. Qe2 Nd4 24. Qd3 Kf7 25. Qe4 Qc5 26. Qf4+ Kg8 27. Qe4 Kf7 28. Qf4+ Nf5 29.
Nxf5 exf5 30. Kb1 Qb4 31. Qc1 a4 32. a3 Qb3 33. Bf4 Qxf3 34. Be3 Be5 35. Qc2 1-0

[Event "*** MasterClass Titled Tuesday Blitz"]
[Site "Chess.com"]
[Date "2017.12.05"]
[Round "3"]
[White "Bryakin_Mikhail"]
[Black "abubakrtagelsir"]
[Result "1-0"]
[WhiteElo "2567"]
[BlackElo "2307"]
[TimeControl "180+2"]
[EndTime "14:50:16 PST"]
[Termination "Bryakin_Mikhail won on time"]

1. d4 d5 2. Nf3 Nf6 3. c4 c6 4. g3 Bf5 5. Nc3 e6 6. Nh4 Bg4 7. h3 Bh5 8. g4 Bg6 9. Nxg6 hxg6 10. Bg2 Nbd7 11. Qb3 Qb6 12. c5 Qc7 13. Qd1 O-O-O 14. b4 e5 15. e3 exd4 16. exd4 Re8+ 17. Kf1 Ne4 18. Nxe4 dxe4 19. d5 f5 20. d6 Qd8 21.
Bb2 Qh4 22. Qe2 Ne5 23. Bd4 Kd7 24. b5 Nd3 25. bxc6+ bxc6 26. Rb1 Bxd6 27. cxd6 Rb8 28. Rb3 c5 29. Bxg7 c4 30. Rxb8 Rxb8 31. Kg1 Qg5 32. Qe3 Qh4 33. Qxa7+ Ke6 34. Qe7+ Kd5 35. Qxh4 c3 36.
Bxc3 1-0

[Event "*** MasterClass Titled Tuesday Blitz"]
[Site "Chess.com"]
[Date "2017.12.05"]
[Round "3"]
[White "pedromartinez91"]
[Black "nikitakhoroshev"]
[Result "1-0"]
[WhiteElo "2255"]
[BlackElo "2416"]
[TimeControl "180+2"]
[EndTime "14:50:17 PST"]
[Termination "pedromartinez91 won by resignation"]

1. g3 g6 2. Bg2 Bg7 3. Nf3 c5 4. O-O Nc6 5. c4 e6 6. Nc3 Nge7 7. e4 O-O 8. d3 d6 9. Be3 e5 10. a3 h6 11. Rb1 f5 12. exf5 gxf5 13. Nh4 f4 14.
Bd2 Kh7 15. Be4+ Kh8 16. Qh5 Nd4 17. Nd5 Kg8 18. Bc3 Ndf5 19. Nxe7+ Nxe7 20. Ng6 Nxg6 21. Qxg6 Rf6 22. Qh5 Qe7 23. Kh1 Be6 24. f3 Raf8 25.
g4 b6 26. Qh3 Kf7 27. Qg2 Ke8 28. h3 R6f7 29. b4 Kd8 30. a4 Qc7 31. a5 Bc8 32. Qf2 Bf6 33. Ra1 h5 34. axb6 axb6 35. bxc5 bxc5 36. Ba5 hxg4 37. Bxc7+ Rxc7 38. fxg4 Rh8 39. Kg2 Rg7 40. Bf3 Rgh7 41. Rh1 e4 42. Bxe4 Bd4 43. Qxf4 Be5 44. Qg5+ Re7 45. Ra7 Re8 46. Rha1 1-0

[Event "*** MasterClass Titled Tuesday Blitz"]
[Site "Chess.com"]
[Date "2017.12.05"]
[Round "3"]
[White "VeryAnonymousPatzer"]
[Black "zzzombie"]
[Result "1-0"]
[WhiteElo "1127"]
[BlackElo "1174"]
[TimeControl "180+2"]
[EndTime "14:50:18 PST"]
[Termination "VeryAnonymousPatzer won by checkmate"]

1. e4 e5 2. Nf3 Nc6 3. Bc4 Nf6 4. d3 h6 5. Be3 d5 6. exd5 Nxd5 7. O-O Nxe3 8. fxe3 f5 9. Nc3 Bd7 10. e4 Bc5+ 11.
Kh1 g5 12. Nd5 g4 13. Ng1 f4 14. Nxf4 exf4 15. Rxf4 Bd6 16. Bf7+ Ke7 17. Rf2 Ne5 18.
Bh5 g3 19. hxg3 Ng4 20. Bxg4 Bxg4 21. Qxg4 Rg8 22. Qh4+ Rg5 23. Nh3 Bxg3 24. Qxh6 Kd7 25. Rf7+ Kc8 26. Qxg5 Qxg5 27. Nxg5 b6 28. Raf1 Kb7 29.
Rf8 Rxf8 30. Rxf8 Bh4 31. Rf5 Bxg5 32. Rxg5 Kc6 33. e5 Kd7 34. d4 Ke6 35. c3 c5 36.
g4 cxd4 37. cxd4 Kd5 38. Rf5 Kxd4 39. g5 Kd5 40. g6 Ke6 41. Rf6+ Kxe5 42. g7 Kxf6 43.
g8=Q Kf5 44. Qa8 b5 45. Qxa7 Ke4 46. Qc5 Kf3 47. Qxb5 Kf2 48. a4 Kf3 49. a5 Kf4 50. a6 Ke3 51. a7 Kd2 52. a8=Q Kc2 53. Qe4+ Kc1 54. Qf1+ Kd2 55. Qfe1# 1-0

[Event "*** MasterClass Titled Tuesday Blitz"]
[Site "Chess.com"]
[Date "2017.12.05"]
[Round "3"]
[White "B-man"]
[Black "gmjoey1"]
[Result "0-1"]
[WhiteElo "2347"]
[BlackElo "2490"]
[TimeControl "180+2"]
[EndTime "14:50:20 PST"]
[Termination "gmjoey1 won by checkmate"]

1. d4 Nf6 2. c4 e6 3. Nc3 Bb4 4. e3 O-O 5. Bd3 c5 6. a3 Ba5 7.
Ne2 d5 8. O-O cxd4 9. exd4 dxc4 10. Bxc4 a6 11. Bg5 b5 12. Ba2 Bb7 13. d5 exd5 14.
Nxd5 Bxd5 15. Bxf6 Qxf6 16. Bxd5 Ra7 17. b4 Bb6 18.
Ra2 Rd7 19. Qb3 Rfd8 20. Rd2 Nc6 21. Nc3 Nd4 22. Qa2 Qg5 23. Rfd1 Rxd5 24. Nxd5 Rxd5 25. Kh1 h5 26. h3 Qf4 27. Qxd5 Ne6 28. Qxh5 g6 29.
Qg4 Qe5 30. Qf3 Bc7 31. g3 Bb6 32. Rd7 Ng5 33. Qa8+ Kg7 34. Qd5 Qf6 35. Qd2 Qf3+ 36. Kh2 Qf5 37. Qf4 Qxh3+ 38. Kg1 Qh5 39. Kg2 Qh3+ 40. Kg1 Qh5 41. Kg2 Qh3+ 42. Kg1 Qh5 43. Qe5+ Kh7 44. Qf6 Nf3+ 45. Kg2 Qh2+ 46. Kxf3 Qxf2+ 47. Ke4 Qxf6 48. R1d6 Qf5# 0-1

[Event "*** MasterClass Titled Tuesday Blitz"]
[Site "Chess.com"]
[Date "2017.12.05"]
[Round "3"]
[White "RookSacrifice_OLD"]
[Black "Scott-fox21"]
[Result "0-1"]
[WhiteElo "1837"]
[BlackElo "2210"]
[TimeControl "180+2"]
[EndTime "14:50:20 PST"]
[Termination "Scott-fox21 won by checkmate"]

1. d4 d5 2. c4 e6 3. Nc3 c6 4. e3 Nf6 5. Nf3 a6 6. b3 Bb4 7. Bd2 Bd6 8. Bd3 O-O 9. O-O c5 10. cxd5 exd5 11. Rc1 Nc6 12. dxc5 Bxc5 13. Ne2 Ba3 14.
Rb1 Qe7 15. Bc3 Bg4 16. Ned4 Ne4 17. Bb2 Nxd4 18. Bxd4 Ng5 19. Be2 Ne4 20. Nd2 Bf5 21.
Nxe4 Bxe4 22. Bf3 Bxb1 23. Qxb1 Rad8 24. Rd1 Qg5 25. b4 a5 26. bxa5 Qe7 27. Bb6 Rd7 28.
Bg4 Rd6 29. Qb3 Rg6 30. Bf3 Bd6 31. Qxd5 Qh4 32. g3 Qh3 33. Bg2 Qe6 34. Qb5 Qxa2 35.
Bxb7 Rf6 36. e4 Qc2 37. Rf1 Qc3 38. a6 Bxg3 39. hxg3 Rh6 40. a7 Qf3 41. Qh5 Rxh5 42.
e5 Rh1# 0-1

[Event "*** MasterClass Titled Tuesday Blitz"]
[Site "Chess.com"]
[Date "2017.12.05"]
[Round "3"]
[White "northridgehawk"]
[Black "lucasmito"]
[Result "0-1"]
[WhiteElo "1960"]
[BlackElo "2198"]
[TimeControl "180+2"]
[EndTime "14:50:21 PST"]
[Termination "lucasmito won by resignation"]

1. e4 e5 2. Nf3 Nc6 3. Bb5 f5 4. Nc3 fxe4 5. Nxe4 d5 6. Ng3 Bg4 7. h3 Bxf3 8. Qxf3 Nf6 9. O-O Bd6 10. Nf5 O-O 11. d3 Qd7 12. Bg5 e4 13. dxe4 Nxe4 14. Qd3 Qxf5 15. Be3 Rad8 16. Rad1 Ne7 17. Qb3 c6 18.
Bd3 Kh8 19. Qxb7 Qe5 20. f4 Qe6 21. Qxa7 Nf5 22. Rfe1 Nxe3 23. Rxe3 Bc5 24. Qxc5 Nxc5 25. Rxe6 Nxe6 26. g3 Nc5 27. Bf1 Rfe8 28. Kg2 Ne4 29. a4 c5 30. Bb5 Re7 31. Kf3 d4 32. Bd3 Nd6 33. b3 Rc7 34. a5 c4 35. bxc4 Nxc4 36. a6 Ne3 37. Rb1 g6 38. Rb6 Nxc2 39. Rb7 Ne1+ 40.
Ke2 Rxb7 41. axb7 Nxd3 42. Kxd3 Rb8 43. Kxd4 Rxb7 44. Ke4 Kg7 45. Kf3 Kf6 46. Kg4 Rb3 47.
h4 h5+ 0-1

[Event "*** MasterClass Titled Tuesday Blitz"]
[Site "Chess.com"]
[Date "2017.12.05"]
[Round "3"]
[White "Hanging_pointer"]
[Black "ChessicallyInclined"]
[Result "1-0"]
[WhiteElo "2321"]
[BlackElo "2207"]
[TimeControl "180+2"]
[EndTime "14:50:31 PST"]
[Termination "Hanging_pointer won by resignation"]

1. e4 e5 2. Nf3 Nc6 3. Bc4 Nf6 4. d3 Be7 5. O-O d6 6. a4 O-O 7. a5 a6 8. Re1 h6 9. c3 Be6 10. Nbd2 Qd7 11. b4 Na7 12. Nf1 Nb5 13. Qc2 Rac8 14. Ba3 Qc6 15. Ne3 Nxa3 16. Rxa3 Bxc4 17. Nxc4 Rfe8 18.
Rb3 Bf8 19. Qb2 Nd7 20. Ne3 g6 21. Nd5 Bg7 22. Nd2 f5 23. c4 b5 24. Rc1 Qb7 25. c5 c6 26. Nb6 Nxb6 27. axb6 d5 28. Ra3 Ra8 29. Qa2 Bf8 30. Ra1 a5 31. Rxa5 Rxa5 32. Qxa5 Rb8 33. Qa7 Qc8 34. h3 d4 35. Nf3 Bg7 36. Qe7 Rb7 37. Qd6 fxe4 38. dxe4 Qe8 39. Ra7 Qb8 40. Rxb7 Qxb7 41. Qc7 Qa8 42. b7 Qa1+ 43. Kh2 d3 44. b8=Q+ Kh7 45. Qbb7 1-0

[Event "*** MasterClass Titled Tuesday Blitz"]
[Site "Chess.com"]
[Date "2017.12.05"]
[Round "3"]
[White "sandromareco"]
[Black "Indianlad"]
[Result "1-0"]
[WhiteElo "2623"]
[BlackElo "2587"]
[TimeControl "180+2"]
[EndTime "14:50:33 PST"]
[Termination "sandromareco won by resignation"]

1. e4 e5 2. Nf3 Nc6 3. Bc4 Bc5 4.
O-O Nf6 5. d3 d6 6. a4 a6 7. c3 Ba7 8. Nbd2 Ne7 9. Re1 Ng6 10.
b4 O-O 11. Bb3 d5 12. Qc2 Ng4 13. Rf1 dxe4 14. Nxe4 Kh8 15. h3 f5 16. Neg5 Nh6 17.
Re1 Qf6 18. Bb2 Bd7 19. c4 Rae8 20. c5 c6 21. Rad1 Bb8 22. Bc3 Nf4 23. Qb2 Ng6 24.
Qa2 Re7 25. d4 e4 26. d5 Qxc3 27. d6 Ree8 28. Nd4 Ne5 29. Be6 Qxb4 30. Bxd7 Nxd7 31. Nde6 Rf6 32. Rb1 Qa5 33. Rec1 b5 34. cxb6 Bxd6 35. Rxc6 Qe5 36. b7 Qh2+ 37. Kf1 Nc5 38. Rc8 Rff8 39. Nxf8 Rxf8 40. Rxf8+ Bxf8 41. b8=Q 1-0

[Event "*** MasterClass Titled Tuesday Blitz"]
[Site "Chess.com"]
[Date "2017.12.05"]
[Round "3"]
[White "wonderfultime"]
[Black "platy3"]
[Result "0-1"]
[WhiteElo "2743"]
[BlackElo "2538"]
[TimeControl "180+2"]
[EndTime "14:50:39 PST"]
[Termination "platy3 won by resignation"]

1. d4 Nf6 2. Bf4 d6 3. e3 g6 4. Nf3 Nh5 5. Bg5 h6 6. Bh4 g5 7.
Nfd2 Ng7 8. Bg3 Nf5 9. c3 h5 10. e4 h4 11. exf5 hxg3 12. fxg3 Bxf5 13. Qf3 Qc8 14.
Bc4 e6 15. O-O Be7 16. Na3 Nc6 17. Rae1 Bg6 18. Bd3 Bxd3 19. Qxd3 Qd7 20. Nc2 Rf8 21. b4 O-O-O 22. a4 Rde8 23. Nb3 f5 24. b5 Nd8 25.
a5 Kb8 26. Nb4 f4 27. d5 e5 28. Nd2 g4 29. Rb1 fxg3 30. hxg3 Rxf1+ 31. Rxf1 Rf8 32. Ne4 Qe8 33. Rb1 Rh8 34. b6 Qh5 35. Kf2 Rf8+ 36. Kg1 Rh8 37. bxa7+ Ka8 38. Nc2 Qh1+ 39. Kf2 Qxb1 40. a6 Rf8+ 41. Ke3 Qb6+ 42. Kd2 Qxa6 0-1

[Event "*** MasterClass Titled Tuesday Blitz"]
[Site "Chess.com"]
[Date "2017.12.05"]
[Round "3"]
[White "toad"]
[Black "icychess54"]
[Result "1-0"]
[WhiteElo "2195"]
[BlackElo "2138"]
[TimeControl "180+2"]
[EndTime "14:50:39 PST"]
[Termination "toad won by checkmate"]

1. d4 d5 2. c4 c6 3. Nf3 Nf6 4. e3 e6 5. b3 Nbd7 6. Bb2 Bd6 7. Bd3 O-O 8. Nbd2 b6 9. O-O Bb7 10. Qe2 Re8 11. e4 dxe4 12. Nxe4 Be7 13. Rad1 Qc7 14.
Ne5 c5 15. Nxd7 Nxd7 16. dxc5 Nxc5 17. Nxc5 Bxc5 18. Qh5 g6 19. Qh6 e5 20. Be2 Rad8 21. Bc1 Qc6 22. Qg5 f6 23. Qg3 Bd4 24. h4 e4 25. h5 Be5 26. Qh3 g5 27. Bg4 a5 28.
Be3 Rd6 29. Bd7 Rxd1 30. Bxc6 Rxf1+ 31. Kxf1 Bxc6 32. Bxb6 Kg7 33. Be3 Rd8 34. Qe6 Rd6 35. Qe7+ Kh6 36. f4 gxf4 37. Qf8+ Kxh5 38. Bc5 Rd1+ 39.
Ke2 Rd7 40. Be7 Kg4 41. Bxf6 Bd6 42. Qg8+ Kf5 43. Qg5+ Ke6 44. Bg7 e3 45. Qf6# 1-0

[Event "*** MasterClass Titled Tuesday Blitz"]
[Site "Chess.com"]
[Date "2017.12.05"]
[Round "3"]
[White "JusticeBot"]
[Black "GameOverBro"]
[Result "1-0"]
[WhiteElo "2556"]
[BlackElo "2290"]
[TimeControl "180+2"]
[EndTime "14:50:40 PST"]
[Termination "JusticeBot won by resignation"]

1. e4 d6 2. d4 Nf6 3. Nc3 e5 4. Nf3 Nbd7 5. Bc4 Be7 6. O-O c6 7. a4 h6 8. h3 Qc7 9. Qe2 Nf8 10. Rd1 Ng6 11. Be3 O-O 12. Rd2 Nh5 13.
a5 Nhf4 14. Qf1 Kh7 15. Ne2 f5 16. exf5 Bxf5 17. dxe5 dxe5 18. Ng3 e4 19. Nd4 Nh4 20. Ngxf5 Nxf5 21. Nxf5 Rxf5 22. Rad1 Qxa5 23. Rd7 Bf6 24.
Rxb7 Nd5 25. Qe2 Bxb2 26. Rxb2 Nc3 27. Qe1 Nxd1 28. Qxd1 Qc3 29. Qd4 Qxd4 30. Bxd4 c5 31. Bc3 a5 32. Rb7 Rg5 33. h4 Rg6 34. Bd5 Rg4 35. Bxe4+ Rxe4 36. Rxg7+ Kh8 37. Ra7+ Kg8 38. Rxa8+ Kf7 39. h5 a4 40. Ra7+ Kf8 41. Ra6 Rc4 42. Bd2 Kg7 43. Bxh6+ Kh7 44. Be3 Rxc2 45. Rxa4 c4 46.
Ra7+ Kg8 47. h6 Rb2 48. h7+ 1-0

[Event "*** MasterClass Titled Tuesday Blitz"]
[Site "Chess.com"]
[Date "2017.12.05"]
[Round "3"]
[White "Al_Shima"]
[Black "Apocalyps999"]
[Result "0-1"]
[WhiteElo "2352"]
[BlackElo "2386"]
[TimeControl "180+2"]
[EndTime "14:50:41 PST"]
[Termination "Apocalyps999 won by resignation"]

1. b3 Nf6 2. Bb2 g6 3. Bxf6 exf6 4. c4 Bg7 5. Nc3 O-O 6. g3 f5 7. Bg2 d6 8. e3 c6 9. Nge2 a5 10. d4 Nd7 11. Qc2 Nb6 12. a4 Re8 13. Rd1 Qf6 14.
h4 h5 15. Na2 d5 16. Nac1 dxc4 17. bxc4 Be6 18. c5 Bd5 19. O-O Bxg2 20. Kxg2 Nd5 21. Nc3 Qd8 22. Nxd5 Qxd5+ 23. Kg1 Rab8 24. Nd3 b5 25. cxb6 Rxb6 26. Rc1 Qf3 27. Qd1 Rxe3 28. fxe3 Qxg3+ 29. Kh1 Qh3+ 30. Kg1 Qg3+ 31. Kh1 Qh3+ 32. Kg1 Qxe3+ 33. Rf2 Bxd4 34. Kg2 Rb3 35. Qf3 Rxd3 36. Qxe3 Bxe3 37. Rf3 Rd2+ 38. Kf1 f4 39. Rxc6 Ra2 40. Rc4 Kg7 41. Ke1 f6 42. Kd1 g5 43. Rf1 Kg6 44. Re1 Rd2+ 45. Kc1 Rd4+ 46. Rxe3 Rxc4+ 0-1

[Event "*** MasterClass Titled Tuesday Blitz"]
[Site "Chess.com"]
[Date "2017.12.05"]
[Round "3"]
[White "TenisMaster"]
[Black "tango_argentino"]
[Result "1-0"]
[WhiteElo "2748"]
[BlackElo "2518"]
[TimeControl "180+2"]
[EndTime "14:50:41 PST"]
[Termination "TenisMaster won on time"]

1. e4 e6 2. d4 d5 3. Nc3 Nf6 4. e5 Nfd7 5. Nce2 c5 6. c3 cxd4 7. cxd4 f6 8. exf6 Nxf6 9. Nf3 Nc6 10. Nc3 a6 11. Bd3 Bd6 12. O-O O-O 13. Bg5 Bd7 14. Bh4 Be8 15. Qe2 Qd7 16. Rfe1 Bf7 17. Bg3 Rae8 18.
Ne5 Qc7 19. Qe3 Kh8 20. Rad1 Bg8 21. Bb1 Nd7 22. f4 Ncxe5 23. fxe5 Bb4 24. Rc1 Qb6 25. Kh1 Rc8 26. Red1 h6 27. Ne2 Bh7 28. Bxh7 Kxh7 29. Qd3+ Kg8 30. Nf4 Rxc1 31. Rxc1 Rf7 32. h4 Nf8 33. h5 Rc7 34. Rf1 Be7 35. Ng6 Qb5 36. Qf3 Qe8 37. Qg4 Rc6 38. Bh4 Bb4 39. Rf3 Nxg6 40. hxg6 Bd2 41. Rf7 Rc1+ 42. Kh2 Bg5 43. Bxg5 hxg5 44. Qh5 1-0

[Event "*** MasterClass Titled Tuesday Blitz"]
[Site "Chess.com"]
[Date "2017.12.05"]
[Round "3"]
[White "Sam_ChessMood"]
[Black "maciek_92"]
[Result "1-0"]
[WhiteElo "2626"]
[BlackElo "2575"]
[TimeControl "180+2"]
[EndTime "14:50:45 PST"]
[Termination "Sam_ChessMood won by resignation"]

1. e4 c5 2. Nf3 Nc6 3. d4 cxd4 4. Nxd4 Nf6 5. Nc3 e5 6. Nde2 Be7 7. g3 d6 8. Bg2 O-O 9. O-O a5 10. h3 Be6 11. Be3 a4 12. Nd5 Bxd5 13. exd5 Nb4 14. c3 Na6 15. Qxa4 e4 16. Rfd1 Nc5 17. Qc2 Nd3 18.
Bxe4 Nxe4 19. Qxd3 Nf6 20. c4 Qd7 21. Kg2 Rfe8 22.
Bd4 b5 23. cxb5 Nxd5 24. Qf3 Qxb5 25. Bxg7 Kxg7 26. Rxd5 Qxb2 27. Rad1 Rxa2 28. Nf4 Kg8 29. Nh5 Qe2 30. Qf4 Qe6 31. R1d4 Re2 32. Qf3 Re5 33. Rg4+ Kf8 34. Nf4 Qf6 35. Qd3 Rxd5 36. Nxd5 Qe6 37.
Nc7 Qh6 38. Nxe8 Kxe8 39. Qb5+ Kd8 40. Qb8+ Kd7 41. Qb7+ Kd8 42. Ra4 Ke8 43. Qc8+ Bd8 44.
Re4+ 1-0

[Event "*** MasterClass Titled Tuesday Blitz"]
[Site "Chess.com"]
[Date "2017.12.05"]
[Round "3"]
[White "Swarajan"]
[Black "isaacAbdulsalam"]
[Result "1/2-1/2"]
[WhiteElo "2124"]
[BlackElo "1965"]
[TimeControl "180+2"]
[EndTime "14:50:51 PST"]
[Termination "Game drawn by agreement"]

1. d4 Nf6 2. c4 e6 3. Nf3 Bb4+ 4. Nbd2 d5 5. a3 Be7 6. e3 c5 7. Bd3 Nc6 8. O-O O-O 9. Qe2 Re8 10. e4 dxe4 11. Nxe4 Nxd4 12. Nxd4 cxd4 13. Nxf6+ Bxf6 14. Qe4 g6 15. Bh6 Bg7 16. Bxg7 Kxg7 17. Rad1 e5 18. f4 Bf5 19. Qxb7 e4 20. Bb1 a5 21. Rfe1 Rb8 22. Qc6 Rxb2 23. Bxe4 Bxe4 24. Rxe4 Rxe4 25. Qxe4 Qf6 26.
Qxd4 Qxd4+ 27. Rxd4 Rb3 28. c5 Rxa3 29. Rc4 Rd3 30. c6 Rd8 31. Kf2 Rc8 32. Ke3 Kf6 33. Ke4 Ke6 34. Rc5 f6 35. g4 a4 36. h4 Kd6 37. Ra5 a3 38. Rxa3 Rxc6 39. Rd3+ Ke6 40.
f5+ Ke7 41. Rd4 Rc1 42. Ra4 Rc7 43. Ra6 Kf7 44. Re6 Rc4+ 45. Kf3 Rc3+ 46. Kf4 Rc4+ 47.
Re4 g5+ 48. hxg5 fxg5+ 49. Kf3 Rxe4 50. Kxe4 Kf6 51. Kf3 Ke5 52. Kg3 h6 53. Kf3 Kd5 54.
Ke3 Ke5 55. Kf3 Kd5 56. Kf2 Ke5 57. Ke3 Kd5 58. Kd3 Ke5 59. Ke3 Kd5 60. Kf2 Ke5 61. Kg3 Kd5 1/2-1/2

[Event "*** MasterClass Titled Tuesday Blitz"]
[Site "Chess.com"]
[Date "2017.12.05"]
[Round "3"]
[White "chessking2151"]
[Black "SharkAnto55"]
[Result "0-1"]
[WhiteElo "2352"]
[BlackElo "2368"]
[TimeControl "180+2"]
[EndTime "14:50:52 PST"]
[Termination "SharkAnto55 won on time"]

1. e4 c5 2. Nf3 d6 3. d4 cxd4 4. Nxd4 Nf6 5. Nc3 a6 6. Be3 e5 7.
Nb3 Be7 8. f3 Be6 9. Qd2 O-O 10.
O-O-O a5 11. Bb5 Na6 12. g4 Nc7 13. Bb6 Qb8 14. Kb1 Nxb5 15. Nxb5 a4 16. Nc1 Rc8 17. Bf2 Bc4 18. Nxd6 Rd8 19. Bc5 b6 20. Ba3 Be6 21. f4 Nxe4 22. Qg2 Nxd6 23. fxe5 Nc8 24. Rxd8+ Bxd8 25. Nd3 Ra5 26. Rd1 Be7 27. Bb4 Rd5 28. Bxe7 Nxe7 29. a3 Nc6 30. Re1 h6 31. g5 hxg5 32.
Qxg5 Qd8 33. Qg3 Nd4 34. Nf4 Nf5 35. Qg1 Rd4 36. Nh5 g6 37. Nf6+ Kg7 38. Ng4 Nh4 39. Nf6 Nf3 40. Nh5+ Kf8 41. Qe3 Rd1+ 0-1